 Dungeon Crawl Stone Soup version 0.24-a0-201-gf205589 (console) character file.

Game seed: 17679129386621545261

489 bli the Slasher (level 7, -15/54 HPs)
             Began as a Formicid Abyssal Knight on Mar 22, 2019.
             Was a Believer of Lugonu.
             Demolished by an orc warrior
             ... wielding a +0 long sword
              (16 damage)
             ... on level 4 of the Dungeon.
             The game lasted 00:10:14 (3015 turns).

bli the Slasher (Formicid Abyssal Knight)           Turns: 3015, Time: 00:10:15

Health: -15/54     AC:  4    Str: 17    XL:     7   Next: 36%
Magic:  8/8        EV: 13    Int: 11    God:    Lugonu [**....]
Gold:   145        SH:  4    Dex: 12    Spells: 6/6 levels left

rFire    x . .     SeeInvis +   a - +1 falchion
rCold    + . .     Gourm    .   i - +0 buckler
rNeg     . . .     Faith    +   n - +0 leather armour
rPois    .         Spirit   .   (helmet unavailable)
rElec    .         Reflect  .   f - +0 cloak (curse)
rCorr    .         Harm     .   (no gloves)
MR       +....                  (no boots)
Stlth    +.........             s - amulet of faith
HPRegen  0.18/turn              m - ring of ice
MPRegen  0.11/turn              r - ring of protection from magic

@: no status effects
A: permanent stasis, dig shafts and tunnels, four strong arms, antennae 3
a: Dig, Shaft Self, Depart the Abyss, Bend Space, Renounce Religion


You were on level 4 of the Dungeon.
You worshipped Lugonu.
Lugonu was pleased with you.
You were not hungry.

You visited 1 branch of the dungeon, and saw 4 of its levels.
You visited the Abyss 1 time.

You collected 195 gold pieces.
You spent 50 gold pieces at shops.

Inventory:

Hand Weapons
 a - a +1 falchion (weapon)
 b - a +0 hunting sling
Missiles
 l - 69 stones (quivered)
 u - 29 sling bullets
Armour
 f - a cursed +0 cloak (worn)
 i - a +0 buckler (worn)
 n - a +0 leather armour (worn)
 q - a +0 cloak
Jewellery
 m - a ring of ice (left hand)
 r - a ring of protection from magic (right hand)
 s - an amulet of faith (around neck)
 t - an uncursed amulet of harm {unknown}
Wands
 v - a wand of enslavement (6)
Scrolls
 d - a scroll of acquirement {unknown}
 e - a scroll of brand weapon {unknown}
 j - 5 scrolls of identify {unknown}
 x - a scroll of teleportation {unknown}
 y - a scroll of fear {unknown}
Potions
 g - a potion of berserk rage {unknown}
 h - a potion of invisibility {unknown}
 k - 2 potions of flight {unknown}
 o - a potion of cancellation {unknown}
 p - a potion of haste {unknown}
 w - a potion of curing
 z - a potion of resistance {unknown}
 A - a potion of heal wounds
 B - a potion of brilliance {unknown}
Comestibles
 c - 3 rations
 C - 3 chunks of flesh


   Skills:
 - Level 4.1 Fighting
 - Level 5.0 Long Blades
 + Level 0.1 Slings
 - Level 2.1 Armour
 * Level 3.9 Dodging
 * Level 2.5 Shields
 + Level 2.1 Invocations


You had 6 spell levels left.
You didn't know any spells.
Your spell library contained the following spells:

 Spells                   Type           Power        Failure   Level  Hunger
 Freeze                   Ice            #...         38%         1    ##.....
 Throw Frost              Conj/Ice       #.....       54%         2    ###....
 Ozocubu's Armour         Chrm/Ice       #.......     77%         3    ####...
 Summon Ice Beast         Ice/Summ       #.......     99%         4    #####..
 Throw Icicle             Conj/Ice       #.......     99%         4    #####..


Dungeon Overview and Level Annotations

Branches:
Dungeon (4/15)
 Temple: D:4-7

Altars:
Okawaru

Shops:
D:4 !

Annotations:
D:2 Robin


Innate Abilities, Weirdness & Mutations

You cannot be hasted, slowed, berserked, paralysed or teleported.
You can dig through walls and to a lower floor.
Your four strong arms can wield two-handed weapons with a shield.
You have a pair of large antennae on your head. (SInv)


Message History

The orc warrior is lightly wounded.
The orc warrior hits you with a +0 long sword.
Throwing (i - inventory)
l - 70 stones (quivered)
Press: ? - help, Shift-Dir - straight line, f/p - orc warrior
Aim: an orc warrior, wielding a +0 long sword and wearing a +0 plate armour You throw a stone.
The stone barely misses the orc warrior.
There is a stone staircase leading down here.
You barely miss the orc warrior. You block the orc warrior's attack.
You hit the orc warrior but do no damage.
The orc warrior hits you with a +0 long sword!
* * * LOW HITPOINT WARNING * * *
You closely miss the orc warrior. The orc warrior misses you.
The orc warrior hits you with a +0 long sword!
* * * LOW HITPOINT WARNING * * *
You climb downwards.
There is a stone staircase leading up here.
You closely miss the orc warrior.
The orc warrior hits you with a +0 long sword!
You die...

#..###).....#######
##..#..######
#....## #...##
##...# ###....##
##. #.......###...
..####..).... .##
##.....
.#######.### ######
.........# #.@..#
...<.....# #.o.##
#######..# ##.##
##.# #.# #.# #.#
#.# ##.# #.## ##..#
#..####..##
##......###
#......## ##.##..##


You could see an orc warrior.

Vanquished Creatures
  A phantom (D:4)
  2 ogres (D:4)
  2 hounds (D:4)
  2 iguanas (D:4)
  5 adders
  An ufetubus (Abyss:2)
  An adder skeleton (D:4)
  4 dart slugs (D:1)
  A worm (D:4)
  A leopard gecko (D:4)
  3 orcs (D:4)
  5 bats
  A giant cockroach (D:1)
  14 goblins
  8 hobgoblins
  2 jackals (D:2)
  6 kobolds
  A quokka (D:2)
  A ball python (D:2)
  3 frilled lizards (D:1)
  A jackal skeleton (D:4)
  A rat (D:1)
66 creatures vanquished.

Notes
Turn   | Place    | Note
-------+----------+-------------------------------------------
     0 | Abyss:1  | bli the Formicid Abyssal Knight began the quest for the
                  | Orb.
     0 | Abyss:1  | Reached XP level 1. HP: 18/18 MP: 2/2
    79 | Abyss:2  | Noticed an efreet
    86 | Abyss:2  | Reached skill level 1 in Dodging
    87 | D:1      | Escaped the Abyss
   105 | D:1      | Reached XP level 2. HP: 9/24 MP: 3/3
   374 | D:1      | Reached * piety under Lugonu
   433 | D:1      | Reached XP level 3. HP: 28/29 MP: 4/4
   984 | D:2      | Reached XP level 4. HP: 24/35 MP: 5/5
  1001 | D:2      | Reached skill level 3 in Long Blades
  1042 | D:2      | Reached ** piety under Lugonu
  1232 | D:2      | Noticed Robin
  1233 | D:2      | Reached skill level 1 in Shields
  1259 | D:2      | You fall through a shaft for 2 floors!
  1485 | D:4      | Reached XP level 5. HP: 31/41 MP: 6/6
  1556 | D:3      | Noticed an orc warrior
  1682 | D:4      | Noticed a phantom
  1755 | D:4      | Killed a phantom
  1755 | D:4      | Reached skill level 4 in Long Blades
  1755 | D:4      | Reached XP level 6. HP: 5/48 MP: 7/7
  2080 | D:4      | Found an iron altar of Okawaru.
  2165 | D:4      | Noticed an ogre
  2175 | D:4      | Killed an ogre
  2396 | D:4      | Found Ciudea's Distillery.
  2399 | D:4      | Bought a potion of heal wounds for 50 gold pieces
  2456 | D:4      | Reached XP level 7. HP: 42/54 MP: 8/8
  2570 | D:4      | Reached skill level 5 in Long Blades
  3013 | D:3      | HP: 1/54 [orc warrior/+0 long sword (15)]
  3015 | D:4      | Demolished by an orc warrior

Levels and vault maps discovered:
D:1:      lemuel_arrival_behind_the_door_large, layout_rooms
D:2:      layout_basic, led_sif_pool, nicolae_overflow_crystal_walls,
          serial_forest, infiniplex_forest_lined_3,
          infiniplex_forest_straight_2, infiniplex_forest_zigzag_1,
          infiniplex_forest_clump_C, infiniplex_forest_clump_long,
          infiniplex_forest_end_3, infiniplex_forest_clump_medium,
          minmay_misc_feat_hallway, st_stairs_2, bh_chokoban,
          hangedman_abyss_or_decor_stabs, kennysheep_path_1, uniq_robin,
          uniq_sigmund, uniq_crazy_yiuf_cottage
D:3:      layout_basic, first_ration, kennysheep_potato, uniq_jessica
D:4:      layout_layer_cave, serial_shops, nicolae_shop_behind_doors,
          okawaru_trees_2
Abyss:1
Abyss:2

Skill      XL: |  1  2  3  4  5  6  7 |
---------------+----------------------+-----
Dodging        | 1 2 3 |  3.9
Long Blades    | 3 4 5 |  5.0
Shields        | 1 2 |  2.5
Fighting       | 4 |  4.1
Slings         | |  0.1
Armour         | |  2.1
Invocations    | |  2.1

Action                   |  1- 3 |  4- 6 |  7- 9 || total
-------------------------+-------+-------+-------++-------
Melee: Falchion          |    76 |   136 |    23 ||   235
 Fire: Hunting sling     |       |     1 |     4 ||     5
Throw: Stone             |       |     2 |     5 ||     7
Invok: Depart the Abyss  |     1 |       |       ||     1
 Abil: Dig               |     3 |     2 |       ||     5
       Shaft Self        |       |     1 |       ||     1
  Eat: Chunk             |       |     5 |     3 ||     8
Armor: Leather armour    |    32 |    23 |     2 ||    57
Dodge: Dodged            |    69 |    83 |     9 ||   161
Block: Buckler           |     8 |    21 |     4 ||    33
       Rpst.: Falchion   |    15 |    23 |     5 ||    43

Table legend:
 A = Non-vault XP
 B = Vault XP
 C = Vault XP percentage of total XP
 D = Non-vault monster count
 E = Vault monster count
 F = Vault count percentage of total count
                 A         B        C        D         E       F
            +---------+---------+-------+---------+---------+-------
      Total |     682 |      17 |   2.4 |      57 |       9 |  13.6
            +---------+---------+-------+---------+---------+-------
        D:1 |      49 |       0 |   0.0 |      25 |       0 |   0.0
        D:2 |      55 |      17 |  23.6 |      12 |       9 |  42.9
        D:3 |      18 |       0 |   0.0 |       4 |       0 |   0.0
        D:4 |     552 |       0 |   0.0 |      15 |       0 |   0.0
    Abyss:2 |       8 |       0 |   0.0 |       1 |       0 |   0.0
            +---------+---------+-------+---------+---------+-------
